SAA
MINNESOTA LOONS @ BILLINGS POLAR BEARS
07/16/2027
 
TOP OF THE 1ST
Minnesota Loons batting - Pitching for Billings Polar Bears : RHP Olivier Carlier
Pitching: RHP Olivier Carlier
Batting: RHB Alan Bryan 0-0: Swinging Strike
0-1: Ball
1-1: Ball
2-1: Foul Ball, location: 2F
2-2: Strikes out swinging
Batting: SHB Lowell Moon 0-0: Called Strike
0-1: Swinging Strike
0-2: Strikes out swinging, 2-3 out at first.
Batting: RHB Bass Reeves 0-0: SINGLE (Groundball, 34D)
Batting: RHB Salvador Esparza 0-0: Ball
Bass Reeves is caught stealing 2nd base
Top of the 1st over - 0 run(s), 1 hit(s), 0 error(s), 0 left on base; Minnesota 0 - Billings 0
BOTTOM OF THE 1ST
Billings Polar Bears batting - Pitching for Minnesota Loons : RHP Anatoly Ivanovich
Pitching: RHP Anatoly Ivanovich
Batting: RHB José Báez 0-0: Ball
1-0: Foul Ball, location: 2F
1-1: Ball
2-1: Ball
3-1: Base on Balls
Batting: RHB Javier Carretero 0-0: Ball
José Báez steals 2nd base
1-0: Called Strike
José Báez is caught stealing 3rd base
1-1: Foul Ball, location: 2F
1-2: Ball
2-2: Ground out 5-3 (Groundball, 5S)
Batting: LHB Fa-tang Wang 0-0: Ball
1-0: Fly out, F8 (Line Drive, 8LXD)
Bottom of the 1st over - 0 run(s), 0 hit(s), 0 error(s), 0 left on base; Minnesota 0 - Billings 0
TOP OF THE 2ND
Minnesota Loons batting - Pitching for Billings Polar Bears : RHP Olivier Carlier
Batting: RHB Salvador Esparza 0-0: Ball
1-0: Called Strike
1-1: Foul Ball, location: 2F
1-2: Strikes out looking
Batting: LHB Alfredo Arévalo 0-0: SINGLE (Groundball, 3D)
Batting: LHB Juan Aranda 0-0: Called Strike
0-1: SINGLE (Groundball, 4MD)
Alfredo Arévalo to second
Runner from 2nd tries for 3rd, SAFE, no throw
Batting: RHB Jorge Arreola 0-0: Ball
Juan Aranda is caught stealing 2nd base
1-0: Foul Ball, location: 2F
1-1: Swinging Strike
1-2: Ball
2-2: Ball
3-2: Strikes out swinging
Top of the 2nd over - 0 run(s), 2 hit(s), 0 error(s), 1 left on base; Minnesota 0 - Billings 0
BOTTOM OF THE 2ND
Billings Polar Bears batting - Pitching for Minnesota Loons : RHP Anatoly Ivanovich
Batting: LHB Homer Spence 0-0: Ground out 1-3 (Groundball, 15S)
Batting: RHB Fernando Trinidad 0-0: Swinging Strike
0-1: Ground out 4-3 (Groundball, 34)
Batting: RHB Matt Roloff 0-0: Ball
1-0: Foul Ball, location: 2F
1-1: Foul Ball, location: 2F
1-2: Foul Ball, location: 2F
1-2: Ball
2-2: SINGLE (Groundball, 6MD)
Batting: RHB Lúcio Marín 0-0: Called Strike
Matt Roloff is caught stealing 2nd base
Bottom of the 2nd over - 0 run(s), 1 hit(s), 0 error(s), 0 left on base; Minnesota 0 - Billings 0
TOP OF THE 3RD
Minnesota Loons batting - Pitching for Billings Polar Bears : RHP Olivier Carlier
Batting: RHB Juan Martínez 0-0: Called Strike
0-1: SINGLE (Groundball, 4MD)
Batting: RHB Randolph Descoteaux 0-0: Ball
1-0: Ball
2-0: Ball
3-0: Called Strike
3-1: Base on Balls
Juan Martínez to second
Batting: RHB Alan Bryan 0-0: Fly out, F8 (Flyball, 8RS)
Lined into DP, 8-3 (Flyball, 8RS)
Batting: SHB Lowell Moon 0-0: SINGLE (Groundball, 34D)
Juan Martínez to third
Runner from 3rd tries for Home, SAFE, no throw
Batting: RHB Bass Reeves 0-0: Ball
1-0: Fly out, F8 (Flyball, 89M)
Top of the 3rd over - 1 run(s), 2 hit(s), 0 error(s), 1 left on base; Minnesota 1 - Billings 0
BOTTOM OF THE 3RD
Billings Polar Bears batting - Pitching for Minnesota Loons : RHP Anatoly Ivanovich
Batting: RHB Lúcio Marín 0-0: Called Strike
0-1: Foul Ball, location: 2F
0-2: Strikes out swinging
Batting: LHB Víctor Fortis 0-0: Called Strike
0-1: Ball
1-1: Ball
2-1: Ground out 4-3 (Groundball, 34)
Batting: RHB Jorge Noutel 0-0: Fly out, F5 (Popup, 5D)
Bottom of the 3rd over - 0 run(s), 0 hit(s), 0 error(s), 0 left on base; Minnesota 1 - Billings 0
TOP OF THE 4TH
Minnesota Loons batting - Pitching for Billings Polar Bears : RHP Olivier Carlier
Batting: RHB Salvador Esparza 0-0: Called Strike
0-1: Ball
1-1: Ball
2-1: Foul Ball, location: 2F
2-2: Ball
3-2: Base on Balls
Batting: LHB Alfredo Arévalo 0-0: Ball
1-0: Ball
2-0: Called Strike
2-1: Fly out, F4 (Line Drive, 4M)
Batting: LHB Juan Aranda 0-0: Ball
1-0: Called Strike
1-1: Called Strike
1-2: Ball
2-2: Foul Ball, location: 2F
2-2: 2-RUN HOME RUN (Flyball, 9D), Distance : 377 ft
Batting: RHB Jorge Arreola 0-0: Ball
1-0: Swinging Strike
1-1: Called Strike
1-2: Foul Ball, location: 2F
1-2: Ball
2-2: Strikes out swinging
Batting: RHB Juan Martínez 0-0: Foul Ball, location: 2F
0-1: Called Strike
0-2: Fly out, F9 (Flyball, 89S)
Top of the 4th over - 2 run(s), 1 hit(s), 0 error(s), 0 left on base; Minnesota 3 - Billings 0
BOTTOM OF THE 4TH
Billings Polar Bears batting - Pitching for Minnesota Loons : RHP Anatoly Ivanovich
Batting: RHB José Báez 0-0: Ball
1-0: Ball
2-0: Called Strike
2-1: Ball
3-1: Foul Ball, location: 2F
3-2: Strikes out swinging
Batting: RHB Javier Carretero 0-0: Ball
1-0: SINGLE (Groundball, 2R) (infield hit)
Batting: LHB Fa-tang Wang 0-0: Ball
1-0: Ball
2-0: SINGLE (Line Drive, 89S)
Javier Carretero to second
Runner from 2nd tries for 3rd, SAFE, no throw
Batting: LHB Homer Spence 0-0: Ball
1-0: Ball
2-0: Ball
3-0: Called Strike
3-1: Swinging Strike
3-2: Strikes out looking
Fa-tang Wang is caught stealing 2nd base
Batter strikes out.
Bottom of the 4th over - 0 run(s), 2 hit(s), 0 error(s), 1 left on base; Minnesota 3 - Billings 0
TOP OF THE 5TH
Minnesota Loons batting - Pitching for Billings Polar Bears : RHP Olivier Carlier
Batting: RHB Randolph Descoteaux 0-0: Called Strike
0-1: Ball
1-1: Called Strike
1-2: Ball
2-2: SINGLE (Line Drive, 6M)
Batting: RHB Alan Bryan 0-0: SINGLE (Groundball, 56D)
Randolph Descoteaux to second
Batting: SHB Lowell Moon 0-0: Bunted foul
0-1: Ball
1-1: Sac Bunt - play at first, batter OUT! 5-4
Randolph Descoteaux to third
Alan Bryan to second
Batting: RHB Bass Reeves 0-0: Foul Ball, location: 2F
0-1: Ball
1-1: Foul Ball, location: 2F
1-2: Foul Ball, location: 2F
1-2: Foul Ball, location: 2F
1-2: Ball
2-2: Ball
3-2: Base on Balls
Batting: RHB Salvador Esparza 0-0: Ball
1-0: Ball
2-0: Ball
3-0: Called Strike
3-1: Called Strike
3-2: Foul Ball, location: 2F
3-2: SINGLE (Flyball, 8LS)
Randolph Descoteaux scores
Alan Bryan to third
Bass Reeves to second
Runner from 3rd tries for Home, SAFE, no throw
Batting: LHB Alfredo Arévalo 0-0: Ball
1-0: TRIPLE (Flyball, 8RM)
Bass Reeves scores
Salvador Esparza scores
Pitching: LHP Riemer Kos
Batting: LHB Juan Aranda 0-0: Ball
1-0: Swinging Strike
1-1: Foul Ball, location: 2F
1-2: Foul Ball, location: 2F
1-2: Ball
2-2: Strikes out swinging
Batting: RHB Jorge Arreola 0-0: Ground out 5-3 (Groundball, 56)
Top of the 5th over - 4 run(s), 4 hit(s), 0 error(s), 1 left on base; Minnesota 7 - Billings 0
BOTTOM OF THE 5TH
Billings Polar Bears batting - Pitching for Minnesota Loons : RHP Anatoly Ivanovich
Batting: RHB Fernando Trinidad 0-0: Ball
1-0: Ball
2-0: Called Strike
2-1: Swinging Strike
2-2: Foul Ball, location: 2F
2-2: Fly out, F4 (Line Drive, 4M)
Batting: RHB Matt Roloff 0-0: Ball
1-0: Called Strike
1-1: Swinging Strike
1-2: Foul Ball, location: 2F
1-2: Ball
2-2: Strikes out swinging, 2-3 out at first.
Batting: RHB Lúcio Marín 0-0: Ball
1-0: Ball
2-0: Called Strike
2-1: Ball
3-1: Base on Balls
Batting: LHB Víctor Fortis 0-0: Ball
1-0: SINGLE (Groundball, 13S) (infield hit)
Lúcio Marín to second
Batting: RHB Jorge Noutel 0-0: Called Strike
0-1: Ball
1-1: Ball
2-1: Called Strike
2-2: Strikes out looking
Bottom of the 5th over - 0 run(s), 1 hit(s), 0 error(s), 2 left on base; Minnesota 7 - Billings 0
TOP OF THE 6TH
Minnesota Loons batting - Pitching for Billings Polar Bears : LHP Riemer Kos
Batting: RHB Juan Martínez 0-0: Ball
1-0: Ball
2-0: Fly out, F9 (Flyball, 9LS)
Batting: RHB Randolph Descoteaux 0-0: Swinging Strike
0-1: Swinging Strike
0-2: Strikes out swinging
Batting: RHB Alan Bryan 0-0: Ball
1-0: Called Strike
1-1: Foul Ball, location: 2F
1-2: Fly out, F9 (Flyball, 9LM)
Top of the 6th over - 0 run(s), 0 hit(s), 0 error(s), 0 left on base; Minnesota 7 - Billings 0
BOTTOM OF THE 6TH
Billings Polar Bears batting - Pitching for Minnesota Loons : RHP Anatoly Ivanovich
Batting: RHB José Báez 0-0: Ball
1-0: Ball
2-0: Ball
3-0: Called Strike
3-1: Fly out, F7 (Flyball, 78M)
Batting: RHB Javier Carretero 0-0: Called Strike
0-1: Foul Ball, location: 2F
0-2: Ball
1-2: Ball
2-2: Ball
3-2: Fly out, F5 (Line Drive, 5S)
Batting: LHB Fa-tang Wang 0-0: Ball
1-0: Called Strike
1-1: Fly out, F8 (Flyball, 8RS)
Bottom of the 6th over - 0 run(s), 0 hit(s), 0 error(s), 0 left on base; Minnesota 7 - Billings 0
TOP OF THE 7TH
Minnesota Loons batting - Pitching for Billings Polar Bears : LHP Riemer Kos
Batting: SHB Lowell Moon 0-0: Ball
1-0: Called Strike
1-1: Ball
2-1: DOUBLE (Line Drive, 7LM)
Batting: RHB Bass Reeves 0-0: Ball
1-0: Ground out 4-3 (Groundball, 4D)
Lowell Moon to third
Batting: RHB Salvador Esparza 0-0: Called Strike
0-1: Called Strike
0-2: Ball
1-2: Ball
2-2: Strikes out swinging
Batting: LHB Alfredo Arévalo 0-0: Called Strike
0-1: Ball
1-1: Ball
2-1: Called Strike
2-2: Fly out, F8 (Line Drive, 78D)
Top of the 7th over - 0 run(s), 1 hit(s), 0 error(s), 1 left on base; Minnesota 7 - Billings 0
BOTTOM OF THE 7TH
Billings Polar Bears batting - Pitching for Minnesota Loons : RHP Anatoly Ivanovich
Batting: LHB Homer Spence 0-0: Called Strike
0-1: Ball
1-1: Called Strike
1-2: Ball
2-2: Strikes out swinging
Batting: RHB Fernando Trinidad 0-0: Called Strike
0-1: Ball
1-1: Foul Ball, location: 2F
1-2: Ball
2-2: Foul Ball, location: 2F
2-2: Ball
3-2: Base on Balls
Batting: RHB Matt Roloff 0-0: Ball
1-0: Ball
2-0: Ball
3-0: Called Strike
3-1: Called Strike
3-2: Foul Ball, location: 2F
3-2: Base on Balls
Fernando Trinidad to second
Pitching: RHP Oriol Razo
Batting: RHB Lúcio Marín 0-0: Called Strike
0-1: Swinging Strike
0-2: Foul Ball, location: 2F
0-2: Ball
1-2: Ball
2-2: Foul Ball, location: 2F
2-2: Grounds into double play, 6-4-3 (Groundball, 6)
Bottom of the 7th over - 0 run(s), 0 hit(s), 0 error(s), 1 left on base; Minnesota 7 - Billings 0
TOP OF THE 8TH
Minnesota Loons batting - Pitching for Billings Polar Bears : LHP Riemer Kos
Pitching: RHP Wyatt Meek
Batting: LHB Juan Aranda 0-0: Ball
1-0: Ball
2-0: Ball
3-0: Called Strike
3-1: Base on Balls
Batting: RHB Jorge Arreola 0-0: Ball
1-0: Ball
2-0: Ball
3-0: Called Strike
3-1: Called Strike
3-2: Fly out, F6 (Popup, 6)
Batting: RHB Juan Martínez 0-0: SINGLE (Groundball, 56D)
Juan Aranda to second
Batting: RHB Randolph Descoteaux 0-0: Called Strike
0-1: Foul Ball, location: 2F
0-2: Ball
1-2: Ball
2-2: Ball
3-2: Base on Balls
Juan Aranda to third
Juan Martínez to second
Batting: RHB Alan Bryan 0-0: Ball
1-0: Ball
2-0: Fielders Choice at 3rd, U5 (Groundball, 5L)
Juan Aranda scores
Randolph Descoteaux to second
Batting: SHB Lowell Moon 0-0: Ball
1-0: Called Strike
1-1: Fly out, F8 (Flyball, 8LM)
Top of the 8th over - 1 run(s), 1 hit(s), 0 error(s), 2 left on base; Minnesota 8 - Billings 0
BOTTOM OF THE 8TH
Billings Polar Bears batting - Pitching for Minnesota Loons : RHP Oriol Razo
Now at 1B: Alex Rucker
Batting: LHB Víctor Fortis 0-0: Called Strike
0-1: Ball
1-1: Foul Ball, location: 2F
1-2: Ball
2-2: Strikes out swinging
Batting: RHB Jorge Noutel 0-0: Ball
1-0: Fly out, F8 (Flyball, 8LM)
Batting: RHB José Báez 0-0: Called Strike
0-1: Ball
1-1: Swinging Strike
1-2: Fly out, F5 (Line Drive, 56)
Bottom of the 8th over - 0 run(s), 0 hit(s), 0 error(s), 0 left on base; Minnesota 8 - Billings 0
TOP OF THE 9TH
Minnesota Loons batting - Pitching for Billings Polar Bears : RHP Wyatt Meek
Batting: RHB Bass Reeves 0-0: Swinging Strike
0-1: Foul Ball, location: 2F
0-2: Ball
1-2: Ball
2-2: Fly out, F9 (Flyball, 89M)
Batting: RHB Salvador Esparza 0-0: Called Strike
0-1: Ball
1-1: SINGLE (Line Drive, 89S)
Pitching: RHP Mike Keys
Batting: LHB Alfredo Arévalo 0-0: Ball
1-0: Swinging Strike
1-1: Fielders Choice at 2nd, 3-6 (Groundball, 34)
Batting: LHB Juan Aranda 0-0: Called Strike
Alfredo Arévalo steals 2nd base
0-1: Ball
1-1: SINGLE (Line Drive, 56D)
Alfredo Arévalo to third
Runner from 3rd tries for Home, SAFE, no throw
Batting: RHB Jorge Arreola 0-0: Called Strike
0-1: Fly out, F8 (Flyball, 8RM)
Top of the 9th over - 1 run(s), 2 hit(s), 0 error(s), 1 left on base; Minnesota 9 - Billings 0
BOTTOM OF THE 9TH
Billings Polar Bears batting - Pitching for Minnesota Loons : RHP Oriol Razo
Now in LF: Nathaniel Griffin
Now in RF: Carey Heidemann
Batting: RHB Javier Carretero 0-0: Called Strike
0-1: Swinging Strike
0-2: Ball
1-2: Ball
2-2: Strikes out swinging
Batting: LHB Fa-tang Wang 0-0: Called Strike
0-1: Ball
1-1: Ball
2-1: Foul Ball, location: 2F
2-2: Foul Ball, location: 2F
2-2: Foul Ball, location: 2F
2-2: Ball
3-2: Strikes out looking
Batting: LHB Homer Spence 0-0: Foul Ball, location: 2F
0-1: Hit by Pitch
Batting: RHB Fernando Trinidad 0-0: Foul Ball, location: 2F
0-1: Called Strike
Balk!
Homer Spence to second
0-2: Ball
1-2: Ground out 6-3 (Groundball, 6)
Bottom of the 9th over - 0 run(s), 0 hit(s), 0 error(s), 1 left on base; Minnesota 9 - Billings 0
Saturday, May 26th, 2018 - OOTP Baseball 17.12 Build 75